 Dungeon Crawl Stone Soup version 0.20-a0-2-g2b0e13a (webtiles) character file.

1768 GordonOverkill the Carver (level 8, -4/55 (56) HPs)
             Began as a Demonspawn Warper on Oct 29, 2016.
             Was a Follower of Okawaru.
             Slain by a yak (5 damage)
             ... on level 9 of the Dungeon.
             The game lasted 00:19:52 (8427 turns).

GordonOverkill the Carver (Demonspawn Warper)       Turns: 8427, Time: 00:19:52

HP:   -4/55 (56)    AC: 13    Str: 13    XL:     8   Next: 80%
MP:   11/11         EV:  6    Int: 20    God:    Okawaru [*.....]
Gold: 346           SH:  0    Dex: 13    Spells: 2 memorised, 5 levels left

rFire  . . .     SeeInvis .     q - +4 rapier "Painuf" {freeze, rPois rN++ Int+5}
rCold  . . .     Gourm    +     g - +0 chain mail
rNeg   + + .     Faith    .     (no shield)
rPois  +         Spirit   .     (helmet restricted)
rElec  .         Reflect  .     p - +0 cloak
rCorr  .         Harm     .     (no gloves)
MR     .....                    (no boots)
Stlth  ..........               t - amulet of the gourmand
                                (no ring)
                                (no ring)

@: no status effects
A: horns 2, slimy green scales 2, nightstalker 1
a: Heroism, Renounce Religion


You were on level 9 of the Dungeon.
You worshipped Okawaru.
Okawaru was aware of your devotion.
You were completely stuffed.

You visited 2 branches of the dungeon, and saw 10 of its levels.

You collected 346 gold pieces.

Inventory:

Hand Weapons
 b - a +0 long sword
 q - the +4 rapier "Painuf" (weapon) {freeze, rPois rN++ Int+5}
   (You found it on level 5 of the Dungeon)

   It has been specially enchanted to freeze those struck by it, causing extra
   injury to most foes and up to half again as much damage against particularly
   susceptible opponents.
   It can also slow down cold-blooded creatures.
   It affects your intelligence (+5).
   It protects you from poison.
   It greatly protects you from negative energy.
Missiles
 e - 5 tomahawks of dispersal (quivered)
Armour
 g - a +0 chain mail (worn)
 p - a +0 cloak (worn)
Jewellery
 t - an amulet of the gourmand (around neck)
Wands
 r - a wand of iceblast (0/15)
 w - a wand of random effects (30/48)
Scrolls
 d - 2 scrolls of blinking
 i - 2 scrolls of recharging
 m - 2 scrolls of remove curse
Potions
 k - a potion of brilliance
 l - a potion of berserk rage {unknown}
 n - a potion of cancellation
 o - a potion of invisibility {unknown}
 u - 3 potions of curing
 z - 2 potions of magic
 A - 2 potions of cure mutation {unknown}
Books
 c - a book of Spatial Translocations

   Spells                             Type                      Level
   a - Blink                          Translocation                2
   b - Shroud of Golubria             Charms/Translocation         2
   c - Lesser Beckoning               Translocation                3
   d - Portal Projectile              Translocation                3
   e - Teleport Other                 Translocation                3
   f - Passage of Golubria            Translocation                4
Comestibles
 a - a slice of pizza
 f - 7 bread rations
 h - 2 beef jerkies
 j - 2 meat rations


   Skills:
 - Level 2.0 Fighting
 + Level 9.7 Long Blades
 - Level 0.8 Throwing
 - Level 4.0 Armour
 - Level 2.0 Dodging
 - Level 2.0 Spellcasting
 - Level 2.6 Translocations


You had 5 spell levels left.
You knew the following spells:

 Your Spells              Type           Power        Failure   Level  Hunger
a - Blink                 Tloc           N/A          99%         2    ##.....
b - Passage of Golubria   Tloc           N/A          100%        4    #####..


Dungeon Overview and Level Annotations

Branches:
Dungeon (10/15)            Temple (1/1) D:6
   Lair: D:8-11         Orc: D:9-12

Altars:
Ashenzari
Cheibriados
Dithmenos
Elyvilon
Fedhas
Gozag
Hepliaklqana
Kikubaaqudgha
Makhleb
Nemelex Xobeh
Okawaru
Qazlal
Ru
Sif Muna
Trog
Uskayaw
Vehumet
Xom
Yredelemnul
Zin
The Shining One

Annotations:
D:2 1 exclusion
D:4 Vesto's ghost, novice GrFi
D:7 Wizop's ghost, novice DsNe


Innate Abilities, Weirdness & Mutations

You have a pair of horns on your head.
You are mostly covered in slimy green scales. (AC +3)
You are slightly more attuned to the shadows.


Message History

You hit the yak. You freeze the yak. Your headbutt misses the yak.
The yak is heavily wounded.
The yak closely misses you. The yak gores you but does no damage.
The yak gores you!
* * * LOW HITPOINT WARNING * * *
You hit the yak. You freeze the yak.
The yak is severely wounded.
The yak completely misses you. The yak gores you but does no damage.
You barely miss the yak.
The yak is severely wounded.
The yak gores you but does no damage. The yak closely misses you. x2
You hit the yak. You freeze the yak. You headbutt the yak.
You kill the yak!
Okawaru is honoured by your kill. The yak gores you!
* * * LOW HITPOINT WARNING * * *
You hit the yak. You freeze the yak.
The yak is moderately wounded.
The yak gores you.
You die...

#########
.....YY@#
......YY#
....<..J#
........#
........#
........#
........#


You could see 4 yaks and a jelly.

Vanquished Creatures
  A yak (D:9)
  A sky beast (D:5)
  A phantom (D:4)
  5 ogres
  A necrophage (D:5)
  2 centaurs
  A bullfrog (D:6)
  3 scorpions
  2 crimson imps
  A centaur zombie (D:6)
  An orc priest (D:6)
  A hound (D:5)
  A centaur skeleton (D:10)
  2 iguanas
  Ijyb (D:2)
  An orc wizard (D:3)
  3 worker ants
  A hound zombie (D:6)
  7 adders
  A shadow imp (D:6)
  2 adder zombies (D:5)
  An adder skeleton (D:4)
  2 worms
  2 dart slugs
  4 leopard geckos
  12 orcs
  6 giant cockroaches
  5 goblins
  10 hobgoblins
  8 jackals
  2 quokkas
  10 bats
  4 frilled lizards
  A kobold (D:1)
  A leopard gecko skeleton (D:6)
  A quokka zombie (D:6)
  5 rats
113 creatures vanquished.

Notes
Turn   | Place    | Note
-------+----------+-------------------------------------------
     0 | D:1      | GordonOverkill the Demonspawn Warper began the quest for the Orb.
     0 | D:1      | Reached XP level 1. HP: 16/16 MP: 3/3
    23 | D:1      | Reached skill level 1 in Armour
   217 | D:1      | Reached skill level 2 in Long Blades
   391 | D:1      | Gained mutation: You are partially covered in slimy green scales. (AC +2) [demonic ancestry]
   391 | D:1      | Reached XP level 2. HP: 21/22 MP: 5/5
   708 | D:1      | Learned a level 2 spell: Blink
  1562 | D:2      | Noticed Ijyb
  1595 | D:2      | Killed Ijyb
  1595 | D:2      | Gained mutation: You are mostly covered in slimy green scales. (AC +3) [demonic ancestry]
  1595 | D:2      | Reached XP level 3. HP: 18/27 MP: 6/6
  1735 | D:2      | Found a glowing silver altar of Zin.
  1737 | D:2      | Found a shadowy altar of Dithmenos.
  1737 | D:2      | Found a stormy altar of Qazlal.
  2009 | D:1      | HP: 1/27 [poisoned by an adder]
  2822 | D:1      | Reached skill level 3 in Long Blades
  2822 | D:1      | Gained mutation: You are slightly more attuned to the shadows. [demonic ancestry]
  2822 | D:1      | Reached XP level 4. HP: 29/33 MP: 7/7
  3113 | D:3      | Found a shimmering altar of Xom.
  3443 | D:3      | Found a blossoming altar of Fedhas.
  3886 | D:3      | Reached XP level 5. HP: 29/38 MP: 8/8
  4192 | D:4      | Noticed a phantom
  4226 | D:4      | Reached skill level 4 in Long Blades
  4367 | D:4      | Noticed an ogre
  4417 | D:2      | Killed an ogre
  4417 | D:2      | Gained mutation: You have a pair of small horns on your head. [demonic ancestry]
  4417 | D:2      | Reached XP level 6. HP: 19/44 MP: 9/9
  4698 | D:4      | Found a hide-covered altar of Uskayaw.
  4714 | D:4      | Noticed Vesto's ghost (novice GrFi)
  5058 | D:4      | Learned a level 4 spell: Passage of Golubria
  5237 | D:4      | Reached skill level 5 in Long Blades
  5989 | D:5      | Entered Level 5 of the Dungeon
  6333 | D:5      | Reached XP level 7. HP: 50/50 MP: 10/10
  6352 | D:5      | Reached skill level 6 in Long Blades
  6370 | D:5      | Got a bone rapier
  6371 | D:5      | Identified the +4 rapier "Painuf" {freeze, rPois rN++ Int+5} (You found it on level 5 of the Dungeon)
  7168 | D:6      | Reached skill level 7 in Long Blades
  7319 | D:6      | Gained mutation: You have a pair of horns on your head. [demonic ancestry]
  7319 | D:6      | Reached XP level 8. HP: 55/55 MP: 11/11
  7462 | D:6      | Found a staircase to the Ecumenical Temple.
  7470 | Temple   | Entered the Ecumenical Temple
  7620 | Temple   | Became a worshipper of Warmaster Okawaru
  7768 | D:6      | Reached skill level 8 in Long Blades
  8150 | D:7      | Reached skill level 9 in Long Blades
  8160 | D:7      | Reached * piety under Okawaru
  8208 | D:7      | Noticed Wizop's ghost (novice DsNe)
  8238 | D:7      | You fall through a shaft for 3 floors!
  8238 | D:10     | Entered Level 10 of the Dungeon
  8426 | D:9      | HP: 1/55 [yak (9)]
  8427 | D:9      | Slain by a yak

Vault maps used:
D:1:      lightli_arrival_flooded_house, minmay_tiny_reverse_x
D:2:      grunt_temple_overflow_open, first_bread, uniq_iyjb
D:3:      old_standard_altar, fedhas_altar_2
D:4:      lemuel_doored_altar
D:6:      kennysheep_generic_room_12
D:7:      corexii_shantytown
D:9:      erik_lair_dragon, uniq_prince_ribbit1
Temple:   eino_temple_rhombus

Skill      XL: |  1  2  3  4  5  6  7  8 |
---------------+-------------------------+-----
Armour         | 1 2 3 4 |  4.0
Long Blades    | 2 3 4 5 7 9 |  9.7
Dodging        | 2 |  2.0
Fighting       | |  2.0
Throwing       | |  0.8
Spellcasting   | |  2.0
Translocations | |  2.6

Action                   |  1- 3 |  4- 6 |  7- 9 || total
-------------------------+-------+-------+-------++-------
Melee: Falchion          |   177 |   163 |       ||   340
       Long sword        |       |   143 |    11 ||   154
       Headbutt          |       |    18 |    25 ||    43
       Rapier            |       |       |   171 ||   171
Evoke: Wand              |       |       |     6 ||     6
  Use: Scroll            |     1 |    12 |     3 ||    16
       Potion            |     1 |     5 |       ||     6
  Eat: Chunk             |     4 |    12 |    14 ||    30
       Meat ration       |     1 |       |       ||     1
Armor: Chain mail        |   164 |   217 |    97 ||   478
       Leather armour    |     1 |       |       ||     1
Dodge: Dodged            |    69 |   107 |    55 ||   231
       Rpst.: Falchion   |    22 |    24 |       ||    46
       Long sword        |       |    21 |     1 ||    22
